 Dungeon Crawl Stone Soup version 0.30.1-11-g7821555f0a (webtiles) character file.

Game seed: 14465897636389377441

9 comborobin the Sneak (level 2, -4/26 HPs)
             Began as a Minotaur Delver on Nov 16, 2023.
             Frozen to death by an endoplasm (5 damage)
             ... on level 3 of the Dungeon.
             The game lasted 00:00:35 (528 turns).

comborobin the Sneak (Minotaur Delver)               Turns: 528, Time: 00:00:36

Health: -4/26      AC:  3    Str: 16    XL:     2   Next: 6%
Magic:  1/1        EV: 11    Int:  7    God:
Gold:   11         SH:  0    Dex: 11    Spells: 1/1 levels left

rFire   . . .        a - +0 hand axe
rCold   . . .        (no shield)
rNeg    . . .        b - +0 leather armour
rPois   .            (helmet restricted)
rElec   .            (no cloak)
rCorr   .            (no gloves)
SInv    .            (no boots)
Will    .....        (no amulet)
Stlth   ++           (no ring)
HPRegen 0.24/turn    (no ring)
MPRegen 0.07/turn

%: no passive effects
@: no status effects
A: horns 2, retaliatory headbutt
a: no special abilities


You were on level 3 of the Dungeon.
You visited 1 branch of the dungeon, and saw 4 of its levels.

You collected 11 gold pieces.

Inventory:

Hand Weapons
 a - a +0 hand axe (weapon)
Armour
 b - a +0 leather armour (worn)
Jewellery
 k - a ring of positive energy
Wands
 f - a wand of flame (13)
 g - a wand of digging (3)
Scrolls
 c - a scroll of fog
 d - a scroll of magic mapping
 e - a scroll of fear
 h - 2 scrolls of identify {unknown}
 i - 2 scrolls of teleportation {unknown}
 j - a scroll of immolation {unknown}
 l - a scroll of poison {unknown}


   Skills:
 - Level 3.6 Fighting
 + Level 3.4 Axes
 - Level 2.1 Dodging
 - Level 4.1 Stealth


You had one spell level left.
You didn't know any spells.
Your spell library contained the following spells:

 Spells                   Type           Power      Damage    Failure   Level
 Necrotise                Necr           0%         1d4       50%         1
 Vampiric Draining        Necr           0%         2d6       86%         3
 Agony                    Necr           0%         N/A       100%        5


Dungeon Overview and Level Annotations

Branches:
Dungeon (5/15)
 Temple: D:4-7

Altars:

Annotations:
D:3 Grinder


Innate Abilities, Weirdness & Mutations

You have a pair of horns on your head.
You reflexively headbutt those who attack you in melee.


Message History

You climb downwards.
Level annotation: Grinder The endoplasm hits you.
Grinder says, "I used to sell toenails on the black market."
The endoplasm closely misses you.
There is a stone staircase leading up here.
Aiming: Throw Flame
Press: ? - help, Shift-Dir - straight line, f - Grinder
Aim: Grinder (64% to hit)
The puff of flame hits Grinder!
Grinder is lightly wounded.
The endoplasm hits you. Grinder hits you!
You writhe in agony.
Unknown command.
Aiming: Throw Flame
Press: ? - help, Shift-Dir - straight line, f/p - Grinder
Aim: Grinder (lightly wounded, 64% to hit)
The puff of flame misses Grinder.
The endoplasm hits you.
Grinder grins, showing sharp teeth.
Grinder hits you.
* * * LOW HITPOINT WARNING * * *
You writhe in agony.
* * * LOW HITPOINT WARNING * * *
Aiming: Throw Flame
Press: ? - help, Shift-Dir - straight line, f/p - Grinder
Aim: Grinder (lightly wounded, 64% to hit)
The puff of flame misses Grinder.
The endoplasm freezes you.
You are frozen.
* * * LOW HITPOINT WARNING * * *
Grinder blinks!
Unknown command.
Unknown command.
Unknown command.
Aiming: Throw Flame
Press: ? - help, Shift-Dir - straight line, f/p - Grinder
Aim: Grinder (lightly wounded, 64% to hit)
The puff of flame misses Grinder.
The endoplasm freezes you.
You are frozen.
You die...

.............#
#.....
.............#
.....
..)..........#
.......5.....#
.............##
###............
......#.#........
#####.#§##...####
. #@###### # #J#
#.# #.# #.# #.#
.## ≈


You could see Grinder and an endoplasm.

Vanquished Creatures
  2 goblins
  2 jackals (D:3)
  A quokka (D:2)
  A ball python (D:4)
  A frilled lizard (D:2)
  2 kobolds (D:3)
9 creatures vanquished.

Notes
Turn   | Place    | Note
-------+----------+-------------------------------------------
     0 | D:5      | comborobin the Minotaur Delver began the quest for the Orb.
     0 | D:5      | Reached XP level 1. HP: 19/19 MP: 0/0
   191 | D:3      | Noticed Grinder
   210 | D:2      | Reached XP level 2. HP: 4/26 MP: 1/1
   527 | D:3      | HP: 1/26 [frozen (3)]
   528 | D:3      | Frozen to death by an endoplasm

Illustrated notes

Levels and vault maps discovered:
D:2:      layout_basic, basic_altar
D:3:      layout_basic, chequers_serial_rivers_micro_b, uniq_grinder
D:4:      layout_loops_cross, kennysheep_mini_moat,
          mainiacjoe_overflow_large_starburst, minmay_temple_entry_proselytizer,
          ebering_ghost_disaster_area, minivault_14
D:5:      layout_basic

Skill      XL: |  1 |
---------------+----+-----
Axes           | 3 |  3.4
Fighting       | |  3.6
Dodging        | |  2.1
Stealth        | |  4.1

Action                     || total
---------------------------++-------
  Melee: Hand axe          ||    10
         Headbutt          ||     3
  Evoke: Wand              ||     5
    Use: Potion            ||     2
   Stab: Sleeping          ||     1
 Armour: Leather armour    ||     4
  Dodge: Dodged            ||    13
